 Dungeon Crawl Stone Soup version 0.30-b1-2-g02819fbbbe (webtiles) character file.

Game seed: 4760896605747214545

158 sanka the Gusty (level 4, -8/33 HPs)
             Began as a Demigod Air Elementalist on May 19, 2023.
             Killed from afar by Natasha (10 damage)
             ... with a puff of flame
             ... on level 3 of the Dungeon.
             The game lasted 00:04:26 (3436 turns).

sanka the Gusty (Demigod Air Elementalist)          Turns: 3436, Time: 00:04:27

Health: -8/33      AC:  2    Str:  9    XL:     4   Next: 94%
Magic:  2/9        EV: 12    Int: 21    God:
Gold:   103        SH:  0    Dex: 14    Spells: 4/7 levels left

rFire   . . .        f - +1 dagger (venom)
rCold   . . .        (no shield)
rNeg    . . .        a - +0 robe
rPois   .            (no helmet)
rElec   .            (no cloak)
rCorr   .            (no gloves)
SInv    .            (no boots)
Will    .....        (no amulet)
Stlth   ++           (no ring)
HPRegen 0.25/turn    (no ring)
MPRegen 0.11/turn

%: no passive effects
@: slowed, very slow
A: high MP 1, forlorn, divine attributes
a: no special abilities


You were on level 3 of the Dungeon.
You visited 1 branch of the dungeon, and saw 4 of its levels.

You collected 103 gold pieces.

Inventory:

Hand Weapons
 f - a +1 dagger of venom (weapon)
 v - a +0 quarterstaff
Armour
 a - a +0 robe (worn)
 l - the +5 chain mail "Buog Fea" {rPois rC+ SInv Stlth-}
   (You found it on level 2 of the Dungeon)

   rC:        It protects you from cold.
   rPois:     It protects you from poison.
   SInv:      It lets you see invisible.
   Stlth:     It makes you less stealthy.
Magical Staves
 u - a staff of fire
Scrolls
 c - a scroll of blinking {unknown}
 e - 3 scrolls of acquirement {unknown}
 j - a scroll of identify {unknown}
 k - a scroll of torment {unknown}
 m - a scroll of immolation {unknown}
 p - a scroll of silence {unknown}
 q - a scroll of amnesia {unknown}
 s - 2 scrolls of enchant weapon {unknown}
 t - a scroll of fog {unknown}
Potions
 b - a potion of magic
 d - 2 potions of flight {unknown}
 g - 3 potions of curing {unknown}
 h - 2 potions of might {unknown}
 i - 2 potions of degeneration {unknown}
 n - a potion of mutation {unknown}
 o - a potion of heal wounds {unknown}
 r - 3 potions of attraction {unknown}


   Skills:
 - Level 1.7 Dodging
 - Level 1.7 Stealth
 - Level 2.0 Spellcasting
 + Level 3.6 Conjurations
 + Level 3.7 Air Magic


You had 4 spell levels left.
You knew the following spells:

 Your Spells              Type           Power      Damage    Failure   Level
a - Shock                 Conj/Air       68%        1d7       3%          1
b - Static Discharge      Conj/Air       34%        2-4/arc   4%          2

Your spell library contained the following spells:

 Spells                   Type           Power      Damage    Failure   Level
 Kiss of Death            Conj/Necr      36%        2d8       7%          1
 Swiftness                Air            17%        N/A       10%         3
 Sandblast                Erth           4%         2d4       14%         1
 Dazzling Flash           Conj/Hex       18%        N/A       21%         3
 Passwall                 Tmut/Erth      1%         N/A       22%         2
 Scorch                   Fire           4%         2d5       22%         2
 Airstrike                Air            8%         2d(2-18)  30%         4
 Confusing Touch          Hex            2%         N/A       41%         3
 Flame Wave               Conj/Fire      9%         2d6       56%         4
 Iskenderun's Mystic Bla  Conj/Tloc      9%         2d4       56%         4
 Dispel Undead            Necr           2%         3d7       82%         4
 Leda's Liquefaction      Hex/Erth       1%         N/A       82%         4
 Statue Form              Tmut/Erth      1%         N/A       100%        6
 Summon Cactus Giant      Summ           1%         N/A       100%        6
 Spellforged Servitor     Conj/Summ      4%         N/A       100%        7
 Shatter                  Erth           1%         3d5*      100%        9


Dungeon Overview and Level Annotations

Branches:
Dungeon (4/15)
 Temple: D:4-7

Annotations:
D:3 Natasha


Innate Abilities, Weirdness & Mutations

You have an increased reservoir of magic. (+10% MP)
You shall have no god before yourself.
Your divine heritage dramatically boosts your attributes as you level up.


Message History

The zap hits the orc.
You kill the orc!
You can't see any susceptible monsters within range! (Use Z to cast anyway.) Natasha, Servant of Life and Death comes into view.
She is carrying a wand of flame (13).
Natasha is nearby!
The zap hits Natasha.
Natasha is lightly wounded.
Natasha hisses angrily.
The zap hits Natasha.
Natasha is heavily wounded.
Natasha zaps a wand.
The puff of flame hits you.
The zap hits Natasha but does no damage.
Natasha is heavily wounded.
Natasha casts a spell at you. The magic dart hits you!
The zap hits Natasha but does no damage.
Natasha is heavily wounded.
The zap hits Natasha.
Natasha is severely wounded.
Natasha zaps a wand.
The puff of flame misses you.
The zap misses Natasha.
Natasha zaps a wand.
The puff of flame hits you!
You are too injured to fight recklessly!
Unknown command.
You are too injured to fight recklessly!
You are too injured to fight recklessly!
You are too injured to fight recklessly!
You are too injured to fight recklessly!
Unknown command.
Natasha casts a spell.
Natasha casts a spell at you.
You feel yourself slow down.
The cerulean imp hits you with a +2 spear.
Natasha zaps a wand.
The puff of flame hits you!
* * * LOW HITPOINT WARNING * * *
The cerulean imp hits you with a +2 spear.
* * * LOW HITPOINT WARNING * * *
You barely miss Natasha.
Natasha is severely wounded.
Natasha zaps a wand.
The puff of flame hits you!
You die...

*,,,,,,,* ****** *,*,*
***,***,****,...# *,*,****
*,*,,,,*,,,...##****,*,,,,*
*
*,*,**,*,*,#....,*,,,****,*
* *,*,,,,*,*,#...#,*,***
*,* *
*,***,,,,*,#...#,#,*** *,*
* *,*,,,**,*,#)#.#.#,,,*
*,* *
*,,,,*,,,,,#h..#.###,* *,*
*
***,,#[#####@5......,****,*
* *,,..........#.###*,,,,,*
* **)#.#####.....# *,*****
********,#.........### *,*
,,,,,,o,,#######.#.# *,*
##########.).....### *,*
...........####### *,*
########...# ****** ****,*
#.#..####,,,,* *,,*,*


You could see Natasha and a cerulean imp (summoned).

Vanquished Creatures
  Terence (D:2)
  Natasha (twice) (D:3)
  An adder (D:3)
  A worm (D:2)
  3 dart slugs
  3 orcs (D:3)
  5 bats
  9 endoplasms
  2 giant cockroaches
  7 hobgoblins
  6 jackals (D:2)
  5 ball pythons
  3 frilled lizards
  3 goblins
  4 kobolds
  6 rats
61 creatures vanquished.

Notes
Turn   | Place    | Note
-------+----------+-------------------------------------------
     0 | D:1      | sanka the Demigod Air Elementalist began the quest for the
                  | Orb.
     0 | D:1      | Reached XP level 1. HP: 14/14 MP: 5/5
    64 | D:1      | Reached skill level 1 in Conjurations
   248 | D:1      | Reached XP level 2. HP: 20/20 MP: 5/7
  1406 | D:2      | Learned a level 2 spell: Static Discharge
  1474 | D:2      | Reached XP level 3. HP: 26/26 MP: 4/8
  1515 | D:2      | Got Lehudib's Atlas of Percussion and Cleavage
  1634 | D:2      | Identified the +5 chain mail "Buog Fea" {rPois rC+ SInv
                  | Stlth-}
  1727 | D:2      | You fall into a shaft and drop 2 floors!
  1837 | D:3      | Noticed Natasha
  1842 | D:3      | Killed Natasha
  1892 | D:3      | Reached XP level 4. HP: 33/33 MP: 9/9
  1928 | D:3      | Noticed Natasha
  1933 | D:3      | Killed Natasha
  2148 | D:2      | Noticed Terence
  2175 | D:2      | Killed Terence
  2292 | D:2      | Got the Book of the Cwm
  3426 | D:3      | Noticed Natasha
  3436 | D:3      | Killed from afar by Natasha

Illustrated notes

Levels and vault maps discovered:
D:1:      amcnicky_arrival_underground_garden, layout_basic, minmay_unequal
D:2:      layout_basic, minmay_split_cup_large, uniq_terence
D:3:      layout_basic, uniq_natasha
D:4:      layout_loops_ring, amethyst_overflow_temple_binary, minivault_1

Skill      XL: |  1  2  3 |
---------------+----------+-----
Spellcasting   | 2 |  2.0
Conjurations   | 1 2 3 |  3.6
Air Magic      | 3 |  3.7
Dodging        | |  1.7
Stealth        | |  1.7

Action                     |  1- 3 |  4- 6 || total
---------------------------+-------+-------++-------
  Melee: Unarmed           |     5 |       ||     5
         Dagger            |    25 |     5 ||    30
   Cast: Shock             |    58 |    49 ||   107
 Armour: Robe              |     7 |       ||     7
         Chain mail        |    22 |     4 ||    26
  Dodge: Dodged            |    10 |    11 ||    21
